SA
MANCELONA TORCH @ CHICAGO TULA
08/19/2026
 
TOP OF THE 1ST
Mancelona Torch batting - Pitching for Chicago Tula : RHP Iwane Chihara
Pitching: RHP Iwane Chihara
Batting: RHB José Córdova 0-0: Ball
1-0: Foul Ball, location: 2F
1-1: Foul Ball, location: 2F
1-2: Fly out, F9 (Flyball, 9)
Batting: RHB Blake Snow 0-0: Called Strike
0-1: Called Strike
0-2: Ball
1-2: Foul Ball, location: 2F
1-2: Ball
2-2: Ball
3-2: Strikes out swinging
Batting: RHB Todd Sentell 0-0: Called Strike
0-1: Ground out 5-3 (Groundball, 56)
Top of the 1st over - 0 run(s), 0 hit(s), 0 error(s), 0 left on base; Mancelona 0 - Chicago 0
BOTTOM OF THE 1ST
Chicago Tula batting - Pitching for Mancelona Torch : LHP Tyler Lund
Pitching: LHP Tyler Lund
Batting: RHB Micheal Lovell 0-0: Ball
1-0: Ball
2-0: Swinging Strike
2-1: Swinging Strike
2-2: Strikes out looking
Batting: RHB Zahid Kashani 0-0: Ball
1-0: Ball
2-0: SINGLE (Flyball, 7S)
Batting: LHB Dana Waldrip 0-0: Ball
1-0: Swinging Strike
1-1: Foul Ball, location: 2F
1-2: Strikes out swinging
Zahid Kashani steals 2nd base
Batter strikes out.
Batting: RHB Juan Chávez 0-0: Ball
1-0: Foul Ball, location: 2F
1-1: Called Strike
1-2: Ball
2-2: Foul Ball, location: 2F
2-2: Ball
3-2: Strikes out looking
Bottom of the 1st over - 0 run(s), 1 hit(s), 0 error(s), 1 left on base; Mancelona 0 - Chicago 0
TOP OF THE 2ND
Mancelona Torch batting - Pitching for Chicago Tula : RHP Iwane Chihara
Batting: LHB José Valéncia 0-0: Called Strike
0-1: Ball
1-1: Foul Ball, location: 2F
1-2: Foul Ball, location: 2F
1-2: Foul Ball, location: 2F
1-2: SINGLE (Popup, 3D)
Batting: RHB Armando Pacheco Pickoff Throw to First - Out!
0-0: Called Strike
0-1: Ball
1-1: Foul Ball, location: 2F
1-2: Strikes out swinging, 2-3 out at first.
Batting: RHB Juan Hernández 0-0: Ball
1-0: Called Strike
1-1: Swinging Strike
1-2: Ball
2-2: DOUBLE (Line Drive, 8LD)
Batting: SHB Tony Walsh 0-0: Called Strike
0-1: Ball
1-1: Fly out, F7 (Line Drive, 78M)
Top of the 2nd over - 0 run(s), 2 hit(s), 0 error(s), 1 left on base; Mancelona 0 - Chicago 0
BOTTOM OF THE 2ND
Chicago Tula batting - Pitching for Mancelona Torch : LHP Tyler Lund
Batting: SHB Eustacio Tafalla 0-0: Ball
1-0: SINGLE (Groundball, 34D)
Batting: RHB José Palácios 0-0: Ball
1-0: Ball
2-0: Called Strike
2-1: Ball
3-1: Called Strike
3-2: Ground out 5-3 (Groundball, 56S)
Eustacio Tafalla to second
Batting: RHB Arturo Scantlebury 0-0: Ball
1-0: Called Strike
1-1: Foul Ball, location: 2F
1-2: Fly out, F8 (Flyball, 8RS)
Batting: RHB Alfonso Morín 0-0: Swinging Strike
0-1: Ball
1-1: Ground out 6-3 (Groundball, 6)
Bottom of the 2nd over - 0 run(s), 1 hit(s), 0 error(s), 1 left on base; Mancelona 0 - Chicago 0
TOP OF THE 3RD
Mancelona Torch batting - Pitching for Chicago Tula : RHP Iwane Chihara
Batting: LHB Jim Unknown 0-0: Fly out, F7 (Flyball, 78M)
Batting: LHB Yataro Matsuura 0-0: Called Strike
0-1: Ball
1-1: Ball
2-1: Foul Ball, location: 2F
2-2: Strikes out swinging
Batting: RHB José Córdova 0-0: Ball
1-0: Foul Ball, location: 2F
1-1: Ball
2-1: Ball
3-1: Swinging Strike
3-2: Base on Balls
Batting: RHB Blake Snow 0-0: Ball
1-0: Foul Ball, location: 2F
1-1: Ball
2-1: SINGLE (Line Drive, 7LS)
José Córdova to second
Batting: RHB Todd Sentell 0-0: Ball
1-0: Called Strike
1-1: SINGLE (Groundball, 6) (infield hit)
José Córdova to third
Blake Snow to second
Batting: LHB José Valéncia 0-0: Ball
1-0: Ball
2-0: Called Strike
2-1: Fly out, F8 (Line Drive, 8RD)
Top of the 3rd over - 0 run(s), 2 hit(s), 0 error(s), 3 left on base; Mancelona 0 - Chicago 0
BOTTOM OF THE 3RD
Chicago Tula batting - Pitching for Mancelona Torch : LHP Tyler Lund
Batting: RHB Howard Ickes 0-0: Called Strike
0-1: SINGLE (Groundball, 6MD)
Batting: RHB Micheal Lovell 0-0: Foul Ball, location: 2F
0-1: Ball
1-1: Fly out, F7 (Flyball, 7)
Batting: RHB Zahid Kashani 0-0: Ball
1-0: Fly out, F8 (Flyball, 8RM)
Batting: LHB Dana Waldrip 0-0: Ball
1-0: Called Strike
1-1: Ball
2-1: Swinging Strike
2-2: Strikes out looking
Bottom of the 3rd over - 0 run(s), 1 hit(s), 0 error(s), 1 left on base; Mancelona 0 - Chicago 0
TOP OF THE 4TH
Mancelona Torch batting - Pitching for Chicago Tula : RHP Iwane Chihara
Batting: RHB Armando Pacheco 0-0: Ball
1-0: Ball
2-0: Ball
3-0: Called Strike
3-1: Called Strike
3-2: Ground out 6-3 (Groundball, 56)
Batting: RHB Juan Hernández 0-0: Ground out 5-3 (Groundball, 5)
Batting: SHB Tony Walsh 0-0: Ball
1-0: Ball
2-0: Ball
3-0: Base on Balls
Batting: LHB Jim Unknown 0-0: Ball
1-0: Ground out 1-3 (Groundball, P)
Top of the 4th over - 0 run(s), 0 hit(s), 0 error(s), 1 left on base; Mancelona 0 - Chicago 0
BOTTOM OF THE 4TH
Chicago Tula batting - Pitching for Mancelona Torch : LHP Tyler Lund
Batting: RHB Juan Chávez 0-0: Ball
1-0: Fly out, F8 (Flyball, 8LM)
Batting: SHB Eustacio Tafalla 0-0: SINGLE (Flyball, 7LM)
Batting: RHB José Palácios 0-0: Ball
1-0: Called Strike
1-1: Foul Ball, location: 2F
1-2: Ball
2-2: Foul Ball, location: 2F
2-2: Strikes out swinging
Batting: RHB Arturo Scantlebury 0-0: Called Strike
Eustacio Tafalla is caught stealing 2nd base
Bottom of the 4th over - 0 run(s), 1 hit(s), 0 error(s), 0 left on base; Mancelona 0 - Chicago 0
TOP OF THE 5TH
Mancelona Torch batting - Pitching for Chicago Tula : RHP Iwane Chihara
Batting: LHB Yataro Matsuura 0-0: Ball
1-0: Ball
2-0: Ball
3-0: Called Strike
3-1: Called Strike
3-2: Foul Ball, location: 2F
3-2: Foul Ball, location: 2F
3-2: Ground out U3 (Groundball, 34)
Batting: RHB José Córdova 0-0: Ball
1-0: Ground out 6-3 (Groundball, 6)
Batting: RHB Blake Snow 0-0: Ball
1-0: Foul Ball, location: 2F
1-1: Ball
2-1: Fly out, F7 (Flyball, 7)
Top of the 5th over - 0 run(s), 0 hit(s), 0 error(s), 0 left on base; Mancelona 0 - Chicago 0
BOTTOM OF THE 5TH
Chicago Tula batting - Pitching for Mancelona Torch : LHP Tyler Lund
Batting: RHB Arturo Scantlebury 0-0: Foul Ball, location: 2F
0-1: Ground out 6-3 (Groundball, 6MS)
Batting: RHB Alfonso Morín 0-0: Ball
1-0: Foul Ball, location: 2F
1-1: Foul Ball, location: 2F
1-2: Fly out, F7 (Line Drive, 7)
Batting: RHB Howard Ickes 0-0: Ball
1-0: Ball
2-0: Called Strike
2-1: Swinging Strike
2-2: Ball
3-2: Fly out, F8 (Flyball, 89S)
Bottom of the 5th over - 0 run(s), 0 hit(s), 0 error(s), 0 left on base; Mancelona 0 - Chicago 0
TOP OF THE 6TH
Mancelona Torch batting - Pitching for Chicago Tula : RHP Iwane Chihara
Batting: RHB Todd Sentell 0-0: Ball
1-0: Called Strike
1-1: Ball
2-1: Called Strike
2-2: SINGLE (Groundball, 25) (infield hit)
Batting: LHB José Valéncia 0-0: Ball
1-0: Fly out, F9 (Line Drive, 9)
Batting: RHB Armando Pacheco 0-0: Foul Ball, location: 2F
0-1: Ball
1-1: Foul Ball, location: 2F
1-2: Foul Ball, location: 2F
1-2: Ball
2-2: Strikes out swinging
Batting: RHB Juan Hernández 0-0: Called Strike
0-1: Ball
1-1: Foul Ball, location: 2F
1-2: Fly out, F9 (Line Drive, 9LM)
Top of the 6th over - 0 run(s), 1 hit(s), 0 error(s), 1 left on base; Mancelona 0 - Chicago 0
BOTTOM OF THE 6TH
Chicago Tula batting - Pitching for Mancelona Torch : LHP Tyler Lund
Batting: RHB Micheal Lovell 0-0: Ball
1-0: Reached on error, E5 (Groundball, 5S)
Batting: RHB Zahid Kashani 0-0: Ball
1-0: Called Strike
1-1: Foul Ball, location: 2F
1-2: Strikes out looking
Batting: LHB Dana Waldrip 0-0: Ball
Wild Pitch!
Micheal Lovell to second
1-0: Called Strike
1-1: Called Strike
1-2: Ball
2-2: Strikes out swinging
Batting: RHB Juan Chávez 0-0: Called Strike
0-1: Ball
1-1: Foul Ball, location: 2F
1-2: Foul Ball, location: 2F
1-2: Ball
2-2: Strikes out swinging
Bottom of the 6th over - 0 run(s), 0 hit(s), 1 error(s), 1 left on base; Mancelona 0 - Chicago 0
TOP OF THE 7TH
Mancelona Torch batting - Pitching for Chicago Tula : RHP Iwane Chihara
Batting: SHB Tony Walsh 0-0: Called Strike
0-1: Foul Ball, location: 2F
0-2: Strikes out looking
Batting: LHB Jim Unknown 0-0: Ground out U3 (Groundball, 34)
Batting: LHB Yataro Matsuura 0-0: Fly out, F8 (Flyball, 8RM)
Top of the 7th over - 0 run(s), 0 hit(s), 0 error(s), 0 left on base; Mancelona 0 - Chicago 0
BOTTOM OF THE 7TH
Chicago Tula batting - Pitching for Mancelona Torch : LHP Tyler Lund
Pinch Hitting: RHB Marcus Larson 0-0: Foul Ball, location: 2F
0-1: Swinging Strike
0-2: Ball
1-2: Foul Ball, location: 2F
1-2: Foul Ball, location: 2F
1-2: Ball
2-2: Ball
3-2: Foul Ball, location: 2F
3-2: Foul Ball, location: 2F
3-2: Fly out, F4 (Line Drive, 4)
Batting: RHB José Palácios 0-0: Called Strike
0-1: Ball
1-1: Ground out 6-3 (Groundball, 6)
Batting: RHB Arturo Scantlebury 0-0: Fly out, F7 (Flyball, 78M)
Bottom of the 7th over - 0 run(s), 0 hit(s), 0 error(s), 0 left on base; Mancelona 0 - Chicago 0
TOP OF THE 8TH
Mancelona Torch batting - Pitching for Chicago Tula : RHP Iwane Chihara
Now at 3B: Alberto Esquivel
Pinch Hitting: LHB José Hernández 0-0: Ball
1-0: Fly out, F8 (Flyball, 78D)
Pinch Hitting: LHB Jorge Morín 0-0: Ball
1-0: Ball
2-0: Called Strike
2-1: Called Strike
2-2: Ball
3-2: Foul Ball, location: 2F
3-2: Reached on error, E4 (Groundball, 4)
Batting: RHB Todd Sentell 0-0: Ball
1-0: Ball
2-0: Ball
3-0: Called Strike
3-1: SINGLE (Line Drive, 9S)
Jorge Morín to third
Batting: LHB José Valéncia 0-0: Ball
1-0: Foul Ball, location: 2F
1-1: Fly out, F7 (Flyball, 7S)
Pinch Hitting: RHB Jim Unknown 0-0: Foul Ball, location: 2F
0-1: Foul Ball, location: 2F
0-2: Ball
1-2: Foul Ball, location: 2F
1-2: Ball
2-2: Foul Ball, location: 2F
2-2: Ball
3-2: Foul Ball, location: 2F
3-2: SINGLE (Flyball, 9LS)
Jorge Morín scores
Todd Sentell to second
Todd Sentell to third
Pinch Hitting: LHB Alberto Hernández 0-0: Ball
1-0: Fly out, F8 (Flyball, 8RM)
Top of the 8th over - 1 run(s), 2 hit(s), 1 error(s), 2 left on base; Mancelona 1 - Chicago 0
BOTTOM OF THE 8TH
Chicago Tula batting - Pitching for Mancelona Torch : LHP Tyler Lund
Now at 2B: Jim Unknown
Now at 3B: Bob Mager
Now at SS: Alex Vaske
Now in LF: Alberto Hernández
Batting: RHB Alfonso Morín 0-0: Foul Ball, location: 2F
0-1: Ball
1-1: Foul Ball, location: 2F
1-2: Ball
2-2: Foul Ball, location: 2F
2-2: SINGLE (Groundball, 34D)
Batting: RHB Howard Ickes 0-0: Bunted foul
0-1: Sac Bunt - play at first, batter OUT! 1-4
Alfonso Morín to second
Pinch Hitting: RHB Apu Nahasapeemapetilon 0-0: Swinging Strike
0-1: Called Strike
0-2: Strikes out looking
Batting: RHB Zahid Kashani 0-0: Ball
1-0: Called Strike
1-1: Ground out 4-3 (Groundball, 4)
Bottom of the 8th over - 0 run(s), 1 hit(s), 0 error(s), 1 left on base; Mancelona 1 - Chicago 0
TOP OF THE 9TH
Mancelona Torch batting - Pitching for Chicago Tula : RHP Iwane Chihara
Now at SS: José Morán
Batting: SHB Tony Walsh 0-0: Called Strike
0-1: Ball
1-1: Fly out, F8 (Flyball, 8RM)
Pitching: RHP Brantford Winstworth III
Batting: LHB Jim Unknown 0-0: Ball
1-0: Called Strike
1-1: SINGLE (Groundball, 4D)
Batting: LHB Yataro Matsuura 0-0: Ball
1-0: Called Strike
1-1: Ball
2-1: Called Strike
2-2: Fly out, F7 (Flyball, 7LS)
Batting: RHB Bob Mager 0-0: Called Strike
0-1: Ball
1-1: Swinging Strike
1-2: Foul Ball, location: 2F
1-2: Ball
2-2: Ball
3-2: Strikes out swinging
Top of the 9th over - 0 run(s), 1 hit(s), 0 error(s), 1 left on base; Mancelona 1 - Chicago 0
BOTTOM OF THE 9TH
Chicago Tula batting - Pitching for Mancelona Torch : LHP Tyler Lund
Pitching: LHP Ramiro Elizondo
Batting: LHB Dana Waldrip 0-0: Called Strike
0-1: Ball
1-1: Called Strike
1-2: Ball
2-2: Strikes out swinging
Batting: RHB Juan Chávez 0-0: DOUBLE (Flyball, 8LXD)
Pinch Runner at 2nd Miguel Gazivoda:
Batting: RHB Alberto Esquivel 0-0: SINGLE (Groundball, 6) (infield hit)
Miguel Gazivoda to third
Batting: RHB José Palácios 0-0: Called Strike
0-1: Reached on error, E6 (Groundball, 6)
Miguel Gazivoda scores
Alberto Esquivel to second
Batting: RHB Arturo Scantlebury 0-0: Called Strike
0-1: Foul Ball, location: 2F
0-2: Ball
1-2: Strikes out swinging
Batting: RHB Alfonso Morín 0-0: Ball
1-0: Fly out, F9 (Flyball, 89S)
Bottom of the 9th over - 1 run(s), 2 hit(s), 1 error(s), 2 left on base; Mancelona 1 - Chicago 1
TOP OF THE 10TH
Mancelona Torch batting - Pitching for Chicago Tula : RHP Brantford Winstworth III
Pitching: RHP Joseph Chartier
Batting: RHB Alex Vaske 0-0: Foul Ball, location: 2F
0-1: Foul Ball, location: 2F
0-2: Strikes out looking
Batting: RHB Todd Sentell 0-0: Swinging Strike
0-1: Ball
1-1: Ball
2-1: Swinging Strike
2-2: Strikes out swinging
Batting: LHB José Valéncia 0-0: SINGLE (Line Drive, 8RS)
Batting: RHB Jim Unknown 0-0: Ball
1-0: Ball
2-0: Swinging Strike
2-1: Called Strike
2-2: Fly out, F7 (Flyball, 7D)
Top of the 10th over - 0 run(s), 1 hit(s), 0 error(s), 1 left on base; Mancelona 1 - Chicago 1
BOTTOM OF THE 10TH
Chicago Tula batting - Pitching for Mancelona Torch : LHP Ramiro Elizondo
Batting: RHB Howard Ickes 0-0: Called Strike
0-1: Called Strike
0-2: Ball
1-2: Strikes out swinging
Pinch Hitting: RHB Rubén Dubón 0-0: Foul Ball, location: 2F
0-1: Swinging Strike
0-2: Ball
1-2: Foul Ball, location: 2F
1-2: Strikes out swinging
Batting: RHB Zahid Kashani 0-0: Ball
1-0: SINGLE (Line Drive, 56D)
Batting: LHB Dana Waldrip 0-0: Called Strike
0-1: Foul Ball, location: 2F
0-2: Ball
1-2: Ball
2-2: Foul Ball, location: 2F
2-2: Strikes out swinging
Bottom of the 10th over - 0 run(s), 1 hit(s), 0 error(s), 1 left on base; Mancelona 1 - Chicago 1
TOP OF THE 11TH
Mancelona Torch batting - Pitching for Chicago Tula : RHP Joseph Chartier
Now at SS: Holden Nolan
Batting: LHB Alberto Hernández 0-0: Foul Ball, location: 2F
0-1: Ball
1-1: Ball
2-1: Foul Ball, location: 2F
2-2: Strikes out swinging
Pinch Hitting: RHB Félix Martínez 0-0: Swinging Strike
0-1: Swinging Strike
0-2: Ball
1-2: Ball
2-2: Foul Ball, location: 2F
2-2: Foul Ball, location: 2F
2-2: Foul Ball, location: 2F
2-2: Foul Ball, location: 2F
2-2: Ball
3-2: Strikes out swinging
Batting: LHB Jim Unknown 0-0: Called Strike
0-1: Foul Ball, location: 2F
0-2: Ball
1-2: Strikes out swinging
Top of the 11th over - 0 run(s), 0 hit(s), 0 error(s), 0 left on base; Mancelona 1 - Chicago 1
BOTTOM OF THE 11TH
Chicago Tula batting - Pitching for Mancelona Torch : LHP Ramiro Elizondo
Now at C: Félix Martínez
Batting: LHB Miguel Gazivoda 0-0: Called Strike
0-1: Swinging Strike
0-2: Strikes out looking
Batting: RHB Alberto Esquivel 0-0: Called Strike
0-1: Ball
1-1: Ball
2-1: Swinging Strike
2-2: Strikes out swinging
Batting: RHB José Palácios 0-0: Ball
1-0: Fly out, F5 (Popup, 56)
Bottom of the 11th over - 0 run(s), 0 hit(s), 0 error(s), 0 left on base; Mancelona 1 - Chicago 1
TOP OF THE 12TH
Mancelona Torch batting - Pitching for Chicago Tula : RHP Joseph Chartier
Pitching: RHP Howard Vidaurri
Batting: LHB Yataro Matsuura 0-0: Swinging Strike
0-1: Ball
1-1: SINGLE (Groundball, 56D)
Batting: RHB Bob Mager 0-0: Sac Bunt - play at second, runner OUT! 2-6
Batting: RHB Alex Vaske 0-0: Ball
1-0: Foul Ball, location: 2F
1-1: Swinging Strike
1-2: Foul Ball, location: 2F
1-2: Foul Ball, location: 2F
1-2: Foul Ball, location: 2F
1-2: Foul Ball, location: 2F
1-2: Ball
2-2: Ball
3-2: Strikes out swinging
Bob Mager steals 2nd base
Batter strikes out.
Batting: RHB Todd Sentell 0-0: Foul Ball, location: 2F
0-1: Called Strike
0-2: Ball
1-2: Ball
2-2: Foul Ball, location: 2F
2-2: Ball
3-2: Base on Balls
Batting: LHB José Valéncia 0-0: Ball
1-0: Ball
2-0: Ball
3-0: Base on Balls
Bob Mager to third
Todd Sentell to second
Batting: RHB Jim Unknown 0-0: Swinging Strike
0-1: Ball
1-1: Ball
2-1: Ball
3-1: Called Strike
3-2: Foul Ball, location: 2F
3-2: Foul Ball, location: 2F
3-2: Base on Balls
Bob Mager scores
Todd Sentell to third
José Valéncia to second
Batting: LHB Alberto Hernández 0-0: Ball
1-0: Called Strike
1-1: Foul Ball, location: 2F
1-2: Ball
2-2: Ball
3-2: Foul Ball, location: 2F
3-2: Foul Ball, location: 2F
3-2: Foul Ball, location: 2F
3-2: Base on Balls
Todd Sentell scores
José Valéncia to third
Jim Unknown to second
Batting: RHB Félix Martínez 0-0: Called Strike
0-1: Ball
1-1: Ball
2-1: Swinging Strike
2-2: Foul Ball, location: 2F
2-2: Foul Ball, location: 2F
2-2: Fielders Choice at 2nd, 6-4 (Groundball, 6)
Top of the 12th over - 2 run(s), 1 hit(s), 0 error(s), 2 left on base; Mancelona 3 - Chicago 1
BOTTOM OF THE 12TH
Chicago Tula batting - Pitching for Mancelona Torch : LHP Ramiro Elizondo
Batting: RHB Arturo Scantlebury 0-0: Ball
1-0: Ball
2-0: Fly out, F3 (Line Drive, 34)
Batting: RHB Alfonso Morín 0-0: Foul Ball, location: 2F
0-1: Ball
1-1: Reached on error, E5 (Groundball, 56S)
Batting: RHB Howard Ickes 0-0: Ball
1-0: Ball
2-0: Ball
3-0: Base on Balls
Batting: SHB Holden Nolan 0-0: Called Strike
0-1: Foul Ball, location: 2F
0-2: Ball
1-2: Strikes out looking
Batting: RHB Zahid Kashani 0-0: Ball
1-0: Ball
2-0: Ball
3-0: Called Strike
3-1: Swinging Strike
3-2: Strikes out swinging
Bottom of the 12th over - 0 run(s), 0 hit(s), 1 error(s), 2 left on base; Mancelona 3 - Chicago 1
Monday, March 20th, 2017 - OOTP Baseball 17.12 Build 75